 Dungeon Crawl Stone Soup version 0.21.0-3-g78d12a8 (webtiles) character file.

53 zephron84 the Magician (level 3, -1/19 HPs)
             Began as a Deep Elf Wizard on Jan 17, 2018.
             Slain by a worm (10 damage)
             ... on level 2 of the Dungeon.
             The game lasted 00:07:05 (1397 turns).

zephron84 the Magician (Deep Elf Wizard)            Turns: 1397, Time: 00:07:05

Health: -1/19      AC:  2    Str:  4    XL:     3   Next: 62%
Magic:  2/12       EV: 13    Int: 23    God:
Gold:   82         SH:  0    Dex: 13    Spells: 11/14 levels left

rFire    . . .     SeeInvis .   e - +0 dagger (curse)
rCold    . . .     Gourm    .   (no shield)
rNeg     . . .     Faith    .   a - +0 robe
rPois    .         Spirit   .   b - +0 hat
rElec    .         Reflect  .   (no cloak)
rCorr    .         Harm     .   (no gloves)
MR       .....                  (no boots)
Stlth    ++........             (no amulet)
HPRegen  0.06/turn              (no ring)
MPRegen  0.13/turn              (no ring)

@: berserk cooldown, slowed, very slow
A: no striking features
a: no special abilities


You were on level 2 of the Dungeon.
You were not hungry.

You visited 1 branch of the dungeon, and saw 2 of its levels.

You collected 82 gold pieces.

Inventory:

Hand Weapons
 e - a cursed +0 dagger (weapon)
Armour
 a - a +0 robe (worn)
 b - a +0 hat (worn)
Potions
 g - a potion of flight {unknown}
Books
 c - a book of Minor Magic

   Spells                             Type                      Level
   a - Magic Dart                     Conjuration                  1
   b - Blink                          Translocation                2
   c - Call Imp                       Summoning                    2
   d - Slow                           Hexes                        2
   e - Conjure Flame                  Conjuration/Fire             3
   f - Mephitic Cloud                 Conjuration/Poison/Air       3
Comestibles
 d - 4 rations


   Skills:
 + Level 0.2 Short Blades
 - Level 2.4 Dodging
 + Level 2.7 Stealth
 + Level 6.1 Spellcasting
 + Level 1.5 Conjurations
   Level 1.1 Summonings
 + Level 1.1 Translocations


You had 11 spell levels left.
You knew the following spells:

 Your Spells              Type           Power        Failure   Level  Hunger
a - Magic Dart            Conj           ##..         4%          1    None
b - Blink                 Tloc           N/A          8%          2    None


Dungeon Overview and Level Annotations

Branches:
Dungeon (2/15)

Altars:


Message History

You kill the adder!
Your Spellcasting skill increases to level 6!
You see here an adder corpse.
You feel a strong urge to attack something.
You feel your anger nearly subside.
You are no longer berserk.
You are exhausted.
You feel yourself slow down.
You hit the worm but do no damage.
Your magical contamination has completely faded away.
You hit the worm.
The worm is moderately wounded.
The worm bites you.
You barely miss the worm.
The worm is lightly wounded.
The worm bites you.
You barely miss the worm.
The worm is lightly wounded.
The worm bites you!
Ouch! That really hurt!
You die...

#...................#.##
####...##..........?......
#.....................#..#
...####.###..##...#.#..#..#.#..#
........###..##.....#..# .#.#..#
...#.#..........................
# #.####...............###..# #.
##...w#.#.#..#..# #..#
#.#####...@#.#.#..#..###..#
...........................
#.#####....#.#.#........<..
..........†#.#.#.##..###..#
...............)....###..#
................).....(..#
.........................#
######....................
#...................#


You could see a worm.

Vanquished Creatures
  Jessica (D:2)
  An adder (D:2)
  A dart slug (D:1)
  A giant cockroach (D:2)
  3 goblins
  A hobgoblin (D:1)
  6 kobolds
  A bat (D:1)
  A frilled lizard (D:1)
  3 rats
19 creatures vanquished.

Notes
Turn   | Place    | Note
-------+----------+-------------------------------------------
     0 | D:1      | zephron84 the Deep Elf Wizard began the quest for the Orb.
     0 | D:1      | Reached XP level 1. HP: 10/10 MP: 7/7
   476 | D:1      | Reached skill level 5 in Spellcasting
   476 | D:1      | Reached XP level 2. HP: 6/15 MP: 3/10
   674 | D:1      | Learned a level 2 spell: Blink
  1112 | D:2      | Noticed Jessica
  1118 | D:2      | Killed Jessica
  1118 | D:2      | Reached XP level 3. HP: 19/19 MP: 4/12
  1389 | D:2      | Reached skill level 6 in Spellcasting
  1397 | D:2      | Slain by a worm

Skill      XL: |  1  2  3 |
---------------+----------+-----
Spellcasting   | 5 6 |  6.1
Short Blades   | |  0.2
Dodging        | |  2.4
Stealth        | |  2.7
Conjurations   | |  1.5
Summonings     | |  1.1
Translocations | |  1.1

Action                   || total
-------------------------++-------
Melee: Dagger            ||    19
 Cast: Magic Dart        ||    68
  Use: Scroll            ||     2
       Potion            ||     2
  Eat: Chunk             ||     1
Armor: Robe              ||     3
Dodge: Dodged            ||    21
